 Dungeon Sprint DCSS version 0.29-a0-925-g0a7a3d12f8 (webtiles) character file.

Game seed: 2304448222330891329

3063 Hipnos the Carver (level 9, -2/82 HPs)
             Began as a Demonspawn Chaos Knight on July 28, 2022.
             Was a Plaything of Xom.
             Slain by an elephant (3 damage)
             ... in the Dungeon (Sprint II: "The Violet Keep of Menkaure").
             The game lasted 00:18:46 (1345 turns).

Hipnos the Carver (Demonspawn Chaos Knight)         Turns: 1345, Time: 00:18:48

Health: -2/82      AC: 23    Str: 16    XL:     9   Next: 57%
Magic:  9/9        EV:  8    Int: 12    God:    Xom [...*..]
Gold:   17         SH:  4    Dex: 17    Spells: 8/8 levels left

rFire   + + .      SeeInvis .   a - +1 falchion (vamp)
rCold   + . .      Faith    .   (no shield)
rNeg    . . .      Spirit   .   k - +0 plate armour
rPois   +          Reflect  .   (helmet restricted)
rElec   +          Harm     .   e - +0 cloak
rCorr   +          Rampage  .   n - +0 pair of gloves
Will    .....      NoTele   +   d - +0 pair of boots
Stlth   ..........              h - amulet of regeneration
HPRegen 1.03/turn               j - ring of poison resistance
MPRegen 0.22/turn               l - ring of protection from fire

@: mighty, brilliant, resistant
A: horns 2, slimy green scales 1, icemail 1, magic regeneration, condensation
shield, beak, agile 1
a: Renounce Religion


You were in the Dungeon.
You worshipped Xom.
You were a favourite toy of Xom.
You visited 1 branch You collected 1827 gold pieces.
You spent 1810 gold pieces at shops.

Inventory:

Hand Weapons
 a - a +1 vampiric falchion (weapon)
Armour
 b - a +2 leather armour
 d - a +0 pair of boots (worn)
 e - a +0 cloak (worn)
 k - a +0 plate armour (worn)
 n - a +0 pair of gloves (worn)
Jewellery
 f - a ring of fire
 h - an amulet of regeneration (around neck)
 j - a ring of poison resistance (left hand)
 l - a ring of protection from fire (right hand)
 r - a ring of positive energy
Potions
 g - 5 potions of magic
 i - a potion of ambrosia
 m - 2 potions of might
 q - a potion of attraction
 t - 3 potions of flight
 v - 2 potions of degeneration
 B - 2 potions of resistance
Miscellaneous
 c - a piece from Xom's chessboard (15/15) (quivered)


   Skills:
 + Level 12.1 Fighting
 + Level 13.3 Long Blades
 + Level 7.2 Armour
 + Level 7.1 Dodging
 + Level 3.1 Stealth
 + Level 4.5 Shields
 + Level 3.9 Evocations


You had 8 spell levels left.
You didn't know any spells.
Your spell library contained the following spells:

 Spells                   Type           Power      Damage    Failure   Level
 Shock                    Conj/Air       0%         1d3       100%        1
 Sting                    Tmut/Pois      0%         1d3       100%        1
 Poisonous Vapours        Pois/Air       0%         N/A       100%        2
 Swiftness                Air            0%         N/A       100%        3
 Airstrike                Air            0%         0-1+      100%        4
 Olgreb's Toxic Radiance  Pois           0%         N/A       100%        4


Dungeon Overview and Level Annotations

Branches:
Dungeon (1/1)

Altars:
Cheibriados
Dithmenos
Fedhas
Gozag
Hepliaklqana
Kikubaaqudgha
Makhleb
Nemelex Xobeh
Okawaru
Qazlal
Ru
Sif Muna
Trog
Uskayaw
Vehumet
Yredelemnul
Jiyva
Lugonu

Shops:
D !:[!=[=*(=?[:((

Annotations:
D exclusions: ice statue, obsidian statue and oklob plant, Kirke


Innate Abilities, Weirdness & Mutations

You have a pair of horns on your head.
You are partially covered in slimy green scales. (AC +2)
A meltable icy envelope protects you from harm. (AC +4)
You regenerate magic rapidly.
A meltable shield of frost defends you. (SH +4)
You have a beak for a mouth.
You are agile. (Dex +4, Str/Int -1)


Message History

Thank you for shopping at Otupey's Distillery!
You are confused.
You feel invigorated.
The soul eater draws from the surrounding life force!
* * * LOW HITPOINT WARNING * * *
You feel less invigorated.
You feel less confused.
Your unholy channel expires.
There is an entrance to Ysaho's Distillery here.
o - a potion of heal wounds Thank you for shopping at Ysaho's Distillery!
You feel much better. "Go forth and cause havoc, mortal!"
You feel clever all of a sudden.
You are now a favourite toy of Xom.
You slash the skeletal warrior!
The skeletal warrior is heavily damaged.
The skeletal warrior hits you with a +0 dire flail!
You hit the skeletal warrior but do no damage.
You headbutt the skeletal warrior!
The skeletal warrior is severely damaged.
The skeletal warrior hits you with a +0 dire flail!
The elephant tramples you.
You hold your ground!
The elephant trunk-slaps you but does no damage.
You slash the skeletal warrior!
The skeletal warrior is almost destroyed.
You hit the skeletal warrior.
The skeletal warrior is almost destroyed.
The skeletal warrior closely misses you.
The kobold demonologist begins to cast a cantrip, but forgets the words!
The elephant tramples you.
* * * LOW HITPOINT WARNING * * *
You hold your ground!
The elephant trunk-slaps you but does no damage.
You hit the skeletal warrior but do no damage.
The skeletal warrior is almost destroyed.
The skeletal warrior hits you with a +0 dire flail!!
* * * LOW HITPOINT WARNING * * *
The elephant barely misses you. The elephant trunk-slaps you.
You die...
Xom titters!

*,,,**,,@**##.....
*,,,,*,,zK.≈##,○..
############≈≈#++○#
###########≈≈≈.°°..
##........#h≈≈≈°##○
##...⌠....#≈≈≈≈##..
##..∩.∩...#≈≈≈≈#..#
##.Y.∩.∩..#≈h####.#
##@z3.∩B∩.#3##.###'
##.∩...∩.∩#≈#.#.##.
##...K..∩.'c)###+§<
##.......∩#K#.#.##.
#▓▓▓▓▓▓▓###≈##.###+
##llE######≈≈####.#
#l?.#H,+,##≈≈≈#..#
#∩P[+H.*+*#'#≈##..
#!..#)##≈*#.#≈≈##'


You could see an iron elemental, a boulder beetle, an elephant, a skeletal
warrior, a soul eater (summoned), an oklob plant, 2 manticores, a kobold
demonologist and 3 wyverns.

Vanquished Creatures
  A centaur warrior (D)
  A boulder beetle (D)
  A yaktaur (D)
  3 polar bears (D)
  A hornet (D)
  2 wyverns (D)
  5 water moccasins (D)
  A scorpion (D)
  4 necrophages (D)
  3 worms (D)
22 creatures vanquished.

Vanquished Creatures (others)
  Menkaure (D)
  A black bear (D)
  8 tentacles (D)
10 creatures vanquished.

Grand Total: 32 creatures vanquished

Notes
Turn   | Place    | Note
-------+----------+-------------------------------------------
     0 | D        | Hipnos the Demonspawn Chaos Knight began the quest for the
                  | Orb.
     0 | D        | Reached XP level 1. HP: 18/18 MP: 1/1
     1 | D        | Noticed a wyvern
     1 | D        | Noticed a wyvern
     5 | D        | Noticed a boulder beetle
     5 | D        | Noticed a boulder beetle
    19 | D        | Reached skill level 3 in Long Blades
    24 | D        | Reached skill level 1 in Dodging
    30 | D        | Gained mutation: You regenerate magic rapidly. [demonic
                  | ancestry]
    30 | D        | Reached XP level 2. HP: 17/25 MP: 2/2
    74 | D        | Killed Menkaure
   138 | D        | Noticed a necrophage
   138 | D        | Noticed a necrophage
   138 | D        | Noticed a necrophage
   138 | D        | Noticed a necrophage
   145 | D        | Killed a necrophage
   146 | D        | Reached skill level 5 in Fighting
   146 | D        | Reached skill level 5 in Long Blades
   146 | D        | Reached XP level 3. HP: 33/33 MP: 3/3
   148 | D        | Killed a necrophage
   149 | D        | Reached skill level 6 in Long Blades
   149 | D        | Gained mutation: A meltable shield of frost defends you.
                  | (SH +4) [demonic ancestry]
   149 | D        | Reached XP level 4. HP: 41/41 MP: 4/4
   153 | D        | XOM: potion effect (might)
   156 | D        | Killed a necrophage
   157 | D        | Reached skill level 7 in Long Blades
   157 | D        | Gained mutation: You have a pair of small horns on your
                  | head. [demonic ancestry]
   157 | D        | Reached XP level 5. HP: 48/48 MP: 5/5
   158 | D        | XOM: potion effect (experience)
   158 | D        | Reached skill level 8 in Long Blades
   158 | D        | Reached skill level 5 in Armour
   158 | D        | Gained mutation: You have a pair of horns on your head.
                  | [demonic ancestry]
   158 | D        | Reached XP level 6. HP: 42/57 MP: 6/6
   211 | D        | Killed a wyvern
   212 | D        | Reached skill level 9 in Long Blades
   212 | D        | Gained mutation: You are partially covered in slimy green
                  | scales. (AC +2) [demonic ancestry]
   212 | D        | Reached XP level 7. HP: 53/64 MP: 7/7
   215 | D        | Killed a wyvern
   216 | D        | Reached skill level 10 in Long Blades
   360 | D        | Found Etucun's Weapon Boutique.
   360 | D        | Found Pukkomp's Antique Armour Shop.
   360 | D        | Found Tuatheext's Weapon Boutique.
   360 | D        | Found Itimmit's Jewellery Boutique.
   360 | D        | Found Keovek's Assorted Antiques.
   361 | D        | Found Onihag's Antique Weapon Shop.
   361 | D        | Found Neopoh's Magic Scroll Shop.
   361 | D        | Found Kaant's Jewellery Shop.
   362 | D        | Found Iblizer's Armour Shop.
   362 | D        | Found Wutsa's Jewellery Boutique.
   363 | D        | Found Mulu Ususs's Book Boutique.
   363 | D        | Noticed an iron elemental
   364 | D        | Found Otupey's Distillery.
   364 | D        | Found Xyomedu's Antique Armour Boutique.
   364 | D        | Noticed an oklob plant
   377 | D        | Reached skill level 10 in Fighting
   377 | D        | Found Ysaho's Distillery.
   377 | D        | Found Zurodwin's Book Shoppe.
   379 | D        | Noticed a wyvern
   379 | D        | Noticed a wyvern
   379 | D        | Noticed a wyvern
   386 | D        | Noticed a manticore
   390 | D        | Noticed a manticore
   394 | D        | Bought an amulet of regeneration for 300 gold pieces
   395 | D        | Bought a ring of poison resistance for 200 gold pieces
   462 | D        | Reached skill level 5 in Dodging
   471 | D        | Noticed an ice statue
   516 | D        | XOM: divination: magic mapping
   610 | D        | XOM: silly message
   612 | D        | XOM: silly message
   643 | D        | Found a snail-covered altar of Cheibriados.
   643 | D        | Found a hazy altar of Hepliaklqana.
   644 | D        | Found a shadowy altar of Dithmenos.
   644 | D        | Found a viscous altar of Jiyva.
   644 | D        | Found a stormy altar of Qazlal.
   645 | D        | Found an ancient bone altar of Kikubaaqudgha.
   645 | D        | Found a sacrificial altar of Ru.
   646 | D        | Found a blossoming altar of Fedhas.
   646 | D        | Found a corrupted altar of Lugonu.
   646 | D        | Found a shimmering blue altar of Sif Muna.
   648 | D        | Found an opulent altar of Gozag.
   648 | D        | Found a burning altar of Makhleb.
   648 | D        | Found a bloodstained altar of Trog.
   648 | D        | XOM: silly message
   649 | D        | Found a sparkling altar of Nemelex Xobeh.
   649 | D        | Found a hide-covered altar of Uskayaw.
   653 | D        | Noticed an ice dragon
   673 | D        | Noticed a hell hog
   673 | D        | Noticed a hell hog
   701 | D        | Noticed a deep elf master archer
   710 | D        | Found an iron altar of Okawaru.
   710 | D        | Found a radiant altar of Vehumet.
   711 | D        | Found a basalt altar of Yredelemnul.
   711 | D        | Noticed a polar bear
   711 | D        | Noticed a polar bear
   718 | D        | Killed a polar bear
   719 | D        | Reached skill level 11 in Long Blades
   719 | D        | Reached XP level 8. HP: 63/74 MP: 8/8
   719 | D        | Noticed a yaktaur
   721 | D        | Noticed a hornet
   734 | D        | Killed a polar bear
   735 | D        | Reached skill level 1 in Evocations
   736 | D        | Noticed a polar bear
   739 | D        | Killed a hornet
   739 | D        | XOM: divination: magic mapping
   740 | D        | Reached skill level 12 in Long Blades
   740 | D        | XOM: cast spell 'Call Canine Familiar'
   747 | D        | Killed a polar bear
   748 | D        | Reached skill level 1 in Stealth
   760 | D        | Killed a yaktaur
   761 | D        | Gained mutation: A meltable icy envelope protects you from
                  | harm. (AC +4) [demonic ancestry]
   761 | D        | Reached XP level 9. HP: 34/81 MP: 9/9
   772 | D        | XOM: divination: detect items
   812 | D        | XOM: god gift: scroll labelled CIRGHE OCLEGUQU {god gift}
   817 | D        | Noticed a kraken
  1055 | D        | Identified a scroll of acquirement
  1055 | D        | Acquired 856 gold pieces
  1142 | D        | Bought a +0 pair of boots for 63 gold pieces
  1145 | D        | Bought a scroll of enchant weapon for 82 gold pieces
  1146 | D        | Bought a scroll of identify for 22 gold pieces
  1146 | D        | Bought a scroll of identify for 22 gold pieces
  1146 | D        | Bought a scroll of identify for 22 gold pieces
  1171 | D        | Bought a cloak for 135 gold pieces
  1171 | D        | Bought a plate armour for 690 gold pieces
  1247 | D        | Noticed an obsidian statue
  1250 | D        | Noticed Kirke
  1250 | D        | Noticed a skeletal warrior
  1250 | D        | Noticed a kobold demonologist
  1254 | D        | Noticed a yaktaur captain
  1284 | D        | XOM: potion effect (might)
  1300 | D        | Killed a boulder beetle
  1300 | D        | XOM: cast spell 'Death Channel'
  1301 | D        | Reached skill level 13 in Long Blades
  1306 | D        | XOM: destruction
  1311 | D        | XOM: scenery: 2 doors open, 1 doors close
  1314 | D        | XOM: summons friendly ynoxinul
  1320 | D        | Noticed a centaur warrior
  1322 | D        | Gained mutation: You have a beak for a mouth. [potion of
                  | mutation]
  1322 | D        | Gained mutation: You are agile. (Dex +4, Str/Int -1)
                  | [potion of mutation]
  1326 | D        | Killed a centaur warrior
  1328 | D        | Noticed an elephant
  1334 | D        | Noticed a soul eater
  1337 | D        | Bought 2 potions of ambrosia for 224 gold pieces
  1338 | D        | HP: 4/82 [soul eater/drain life[a kobold demonologist]
                  | (11)]
  1340 | D        | Bought a potion of heal wounds for 50 gold pieces
  1340 | D        | XOM: potion effect (brilliance)
  1345 | D        | HP: 1/82 [skeletal warrior/+0 dire flail (22)]
  1345 | D        | Slain by an elephant

Illustrated notes

Levels and vault maps discovered:
D:        the_violet_keep_of_menkaure [sprint2_stairs_cluster_1,
          sprint2_shoproom, sprint2_temple, sprint2_basic_supplies,
          sprint2_obstacle_2, sprint2_obstacle_1, sprint2_obstacle_3,
          sprint2_obstacle_4, sprint2_obstacle_5, sprint2_timed_cluster_1,
          sprint2_smallroom_cluster_1, sprint2_smallroom_final_cluster_1,
          sprint2_transparent_cluster_1, sprint2_second_timed_cluster_1,
          sprint2_sniper_area_1, sprint2_heavy_combat_area_1,
          sprint2_mutation_trap_area_1, sprint2_forest_area_1,
          sprint2_light_combat_area_1, sprint2_behind_water_1,
          sprint2_near_end_vault_1]

Skill      XL: |  1  2  3  4  5  6  7  8  9 |
---------------+----------------------------+-----
Long Blades    | 3 5 6 7 8 9 11 12 13 | 13.3
Armour         | 2 3 5 6 7 |  7.2
Dodging        | 1 2 4 5 6 7 |  7.1
Fighting       | 4 5 6 7 8 9 10 11 12 | 12.1
Shields        | 3 4 |  4.5
Evocations     | 2 3 |  3.9
Stealth        | 1 3 |  3.1

Action                   |  1- 3 |  4- 6 |  7- 9 || total
-------------------------+-------+-------+-------++-------
Melee: Falchion          |    26 |    12 |   148 ||   186
       Headbutt          |       |     1 |    30 ||    31
       Punch             |       |       |     3 ||     3
       Peck              |       |       |     1 ||     1
Evoke: Piece from Xom's  |       |       |    11 ||    11
  Use: Potion            |     1 |       |    10 ||    11
       Scroll            |       |       |    17 ||    17
 Stab: Paralysed         |       |       |     3 ||     3
       Confused          |       |       |     1 ||     1
Armor: Leather armour    |     2 |     1 |    28 ||    31
       Plate armour      |       |       |    13 ||    13
Dodge: Dodged            |     9 |     5 |    69 ||    83
Block: Other             |       |     1 |    15 ||    16

Table legend: (Time is in decaauts)
 A = Elapsed time spent in this place.
 B = Non-inter-level travel time spent in this place.
 C = Inter-level travel time spent in this place.
 D = Time resting spent in this place.
 E = Time spent auto-exploring this place.
 F = Levels seen in this place.
 G = Mean time per level.
                   A        B        C        D        E       F      G
               +--------+--------+--------+--------+--------+-----+--------+
         Total |   1365 |   1365 |      0 |    532 |      0 |   1 | 1365.0 |
       Dungeon |   1365 |   1365 |      0 |    532 |      0 |   1 | 1365.0 |
               +--------+--------+--------+--------+--------+-----+--------+

Top non-repeatable levels by time:
       D: 1365 daAuts
